 Dungeon Crawl Stone Soup version 0.32-a0-558-g233958a4c4 (webtiles) character file.

Game seed: 17791519327691068806

133946 seren the Fencer (level 17, -2/135 HPs)
             Began as a Coglin Gladiator on Feb 29, 2024.
             Was an Initiate of Gozag.
             Shot with an arrow by a satyr (28 damage)
             ... on level 4 of the Shoals on Mar 1, 2024.
             The game lasted 02:17:16 (44197 turns).

seren the Fencer (Coglin Gladiator)                Turns: 44197, Time: 02:17:17

Health: -2/135     AC: 20    Str: 17    XL:     17   Next: 16%
Magic:  32/32      EV: 17    Int:  8    God:    Gozag
Gold:   1058       SH:  0    Dex: 21    Spells: 23/24 levels left

rFire   + . .        y - +7 scimitar of the Tortured God {speed, rElec rCorr MP+9}
rCold   + . .        O - +4 long sword (heavy) {Numeria}
rNeg    . . .        g - +4 scale mail {rF+}
rPois   +            c - +0 helmet
rElec   +            l - +1 cloak
rCorr   +            m - +0 pair of gloves
SInv    .            G - +0 pair of boots
Will    +....        (amulet unavailable)
Stlth   +            (ring unavailable)
HPRegen 0.42/turn    (ring unavailable)
MPRegen 0.23/turn    E - experimental actuator {Gadgeteer, rElec rPois rCorr}

%: no passive effects
@: afraid, studying 2 skills, revving
A: off-hand wielding, slow wielding, warmup strikes, no jewelry, cold resistance
1, mutation resistance 1, wild magic 1
a: Renounce Religion, Potion Petition, Call Merchant, Bribe Branch


You were on level 4 of the Shoals.
You worshipped Gozag.
Gozag was most pleased with you.
You visited 6 branches of the dungeon, and saw 29 of its levels.

You collected 8150 gold pieces.
You spent 5701 gold pieces at shops.
You paid 1391 gold pieces to Gozag.

Inventory:

Hand Weapons
 h - a +2 falchion of flaming {Chidori}
 k - a +1 scimitar of protection {Friedl}
 u - a +1 long sword of flaming {Liesl}
 y - the +7 scimitar of the Tortured God (weapon) {speed, rElec rCorr MP+9}
   (You bought it in a shop on level 2 of the Snake Pit)

   rElec:     It insulates you from electricity.
   MP+9:      It affects your magic capacity (+9).
   rCorr:     It protects you from acid and corrosion.
 O - a +4 heavy long sword (offhand) {Numeria}
 R - a +2 long sword of holy wrath
Missiles
 d - 10 throwing nets {!f}
 e - 3 javelins
 f - 20 boomerangs (quivered)
 t - 34 poisoned darts
 T - an atropa-tipped dart
 V - 6 curare-tipped darts
 W - 3 silver javelins
Armour
 c - a +0 helmet (worn)
 g - a +4 scale mail of fire resistance (worn)
 l - a +1 cloak (worn)
 m - a +0 pair of gloves (worn)
 G - a +0 pair of boots (worn)
 L - a +2 plate armour of poison resistance
Gizmo
 E - an experimental actuator (installed) {Gadgeteer, rElec rPois rCorr}
   (You invented it yourself on level 11 of the Dungeon)

   [experimental actuator]

   Gadgeteer: Your evocable items recharge 30% faster and wands have a 30%
   chance to not spend a charge.
   rElec:     It insulates you from electricity.
   rPois:     It protects you from poison rCorr: It protects you from acid and
   corrosion.
Wands
 r - a wand of mindburst (10)
 x - a wand of paralysis (12)
 H - a wand of roots (17)
 J - a wand of polymorph (8)
Scrolls
 j - 2 scrolls of amnesia
 s - 3 scrolls of revelation
 w - 3 scrolls of poison
 C - 2 scrolls of fear
 F - 7 scrolls of teleportation {!r}
 I - 2 scrolls of silence
 K - a scroll of butterflies
 P - a scroll of blinking {!r}
 Q - 3 scrolls of fog
 S - a scroll of torment
Potions
 b - 4 potions of might
 i - 2 potions of magic
 n - 2 potions of mutation {!q}
 o - 7 potions of curing
 p - 5 potions of lignification
 q - 3 potions of brilliance
 v - 3 potions of cancellation
 z - 3 potions of resistance
 A - 3 potions of berserk rage
 B - 3 potions of haste
 D - a potion of attraction
 N - 7 potions of enlightenment
Miscellaneous
 M - a condenser vane
 U - a box of beasts (inert)


   Skills:
 + Level 12.5 Fighting
 + Level 15.6 Long Blades
 + Level 13.2 Throwing
 + Level 11.7 Armour
 + Level 12.1 Dodging
 + Level 2.2 Stealth
 * Level 4.0 Spellcasting
 + Level 12.8 Evocations


You had 23 spell levels left.
You knew the following spells:

 Your Spells              Type           Power      Damage    Failure   Level
a - Apportation           Tloc           4%         N/A       67%         1

Your spell library contained the following spells:

 Spells                   Type           Power      Damage    Failure   Level
 Freeze                   Ice            8%         1d3       67%         1
 Magic Dart               Conj           8%         1d3       67%         1
 Necrotise                Necr           8%         1d4       67%         1
 Sandblast                Erth           4%         2d4       67%         1
 Jinxbite                 Hex            4%         N/A       82%         2
 Lesser Beckoning         Tloc           4%         N/A       82%         2
 Mercury Vapours          Alch/Air       4%         N/A       82%         2
 Searing Ray              Conj           4%         2d4       82%         2
 Frozen Ramparts          Ice            4%         1d1       95%         3
 Gell's Gravitas          Tloc           2%         N/A       95%         3
 Hailstorm                Conj/Ice       2%         3d5       95%         3
 Mephitic Cloud           Conj/Alch/Air  2%         N/A       95%         3
 Ozocubu's Armour         Ice            2%         N/A       95%         3
 Passwall                 Erth           2%         N/A       95%         3
 Stone Arrow              Conj/Erth      4%         3d7       95%         3
 Summon Ice Beast         Ice/Summ       2%         N/A       95%         3
 Teleport Other           Tloc           2%         N/A       95%         3
 Vampiric Draining        Necr           2%         2d6       95%         3
 Animate Armour           Summ/Erth      4%         N/A       100%        4
 Brom's Barrelling Bould  Conj/Erth      2%         2d3       100%        4
 Fulminant Prism          Conj/Alch      1%         3d5       100%        4
 Martyr's Knell           Necr/Summ      2%         N/A       100%        4
 Petrify                  Alch/Erth      2%         N/A       100%        4
 Summon Blazeheart Golem  Fire/Summ      2%         N/A       100%        4
 Alistair's Intoxication  Alch           1%         N/A       100%        5
 Arcjolt                  Conj/Air       1%         1d11      100%        5
 Curse of Agony           Necr           2%         N/A       100%        5
 Freezing Cloud           Conj/Ice/Air   1%         6-21      100%        5
 Metabolic Englaciation   Hex/Ice        1%         N/A       100%        5
 Summon Mana Viper        Hex/Summ       2%         N/A       100%        5
 Conjure Ball Lightning   Conj/Air       1%         3x3d6     100%        6
 Sculpt Simulacrum        Ice/Alch       1%         N/A       100%        6
 Monstrous Menagerie      Summ           1%         N/A       100%        7
 Orb of Destruction       Conj           1%         9d5       100%        7
 Spellforged Servitor     Conj/Summ      1%         N/A       100%        7
 Lehudib's Crystal Spear  Conj/Erth      1%         10d2      100%        8


Dungeon Overview and Level Annotations

Branches:
Dungeon (15/15)            Temple (1/1) D:7            Lair (5/5) D:9
 Shoals (4/4) Lair:2        Snake (2/4) Lair:3        Slime (0/5) Lair:4
    Orc (2/2) D:11            Elf (0/3) Orc:2        Vaults (0/5) D:13
 Depths: D:15

Altars:
Ashenzari
Cheibriados
Dithmenos
Elyvilon
Fedhas
Gozag
Hepliaklqana
Kikubaaqudgha
Makhleb
Nemelex Xobeh
Okawaru
Qazlal
Ru
Sif Muna
Trog
Uskayaw
Vehumet
Wu Jian
Xom
Yredelemnul
Zin
The Shining One
Beogh
Jiyva

Shops:
D:5 (*   D:6 !   D:10 ?   D:13 [   D:14 (   Orc:1 (   Orc:2 *??*?(   Shoals:3 *
Snake:2 (![?

Annotations:
D:12 1 runed translucent door, 2 transporters, corvin's ghost, journeyman DgWn
D:13 1 exclusion
D:14 1 runed translucent door, Xeapikeu's ghost, adept TeAE
Lair:4 exclusion: molten gargoyle
Lair:5 3 runed translucent doors, Snorg; kae's ghost, journeyman DrSh
Shoals:1 2 transporters, Acaowk's ghost, adept VSBr
Shoals:3 3 runed translucent doors, vault with artefact glove & boot, Agetab's ghost, adept DECj
Snake:2 Vashnia


Innate Abilities, Weirdness & Mutations

You can wield a second weapon in your off-hand.
It takes a long time for you to wield or remove held weapons.
Your first few attacks do less damage.
You cannot equip rings or amulets.
Your flesh is cold resistant. (rC+)
You are somewhat resistant to further mutation.
Your spells are a little harder to cast, but a little more powerful.


Message History

The merfolk javelineer throws a javelin.
The javelin pierces through you!!
* * * LOW HITPOINT WARNING * * *
You feel much better.
The satyr shoots an arrow.
The arrow misses you.
The merfolk javelineer throws a javelin.
The javelin pierces through you!
* * * LOW HITPOINT WARNING * * *
You open the lid... ...and a juvenile shocksting beast leaps out!
The box is emptied!
The satyr plays a frightful melody on its pipes!
The satyr radiates an aura of fear!
You are terrified of the satyr!
Your juvenile shocksting beast looks frightened!
The merfolk siren chants its luring song.
The merfolk javelineer throws a javelin.
The javelin completely misses you.
The satyr shoots an arrow.
The arrow hits you!
* * * LOW HITPOINT WARNING * * *
The arrow burns you.
* * * LOW HITPOINT WARNING * * *
You feel much better.
The merfolk javelineer throws a javelin.
The javelin closely misses you.
The satyr shoots an arrow.
The arrow hits you!!
* * * LOW HITPOINT WARNING * * *
The arrow burns you.
* * * LOW HITPOINT WARNING * * *
The merfolk siren chants its luring song.
As you read the scroll of fear, it crumbles to dust.
You assume a fearsome visage.
The merfolk javelineer looks frightened!
The satyr resists with some effort.
The merfolk siren looks frightened!
The merfolk siren stops singing.
You are no longer entranced.
The merfolk javelineer begs, "Please don't kill me!"
The satyr shoots an arrow.
The arrow barely misses you.
You feel much better.
The satyr shoots an arrow.
The arrow barely misses you.
The satyr shoots an arrow.
The arrow hits you!!
You die...
Your body crumbles into a pile of gold.

.. #P.~≈≈≈≈P~~P....#...$......
##~##...P~P~~~~~.......[......
P.............P...~~~.........
....~......)........$$........
..!./.##...P........$.....####
...|...$......H.##..~....c####
#...~............##.~~~c...#.#
.......##).c........~~~.......
....~m.......@......~~........
..##.##.....).<..~.?..~.....##
. #~.~..~.....~≈≈≈.~~~.....##
~~~~~........~~≈≈.~≈≈ #
.~~~~.......)..~...≈~ #
.~≈≈~.~........~....~ ~....
.~≈≈≈≈...........≈≈≈≈ ~....
..~~~~~.......~.~≈≈≈≈ .....
.~~~.........~.≈≈≈≈≈ ~....


You could see a satyr (scary, ally target) and a friendly juvenile shocksting
beast (summoned, fleeing).

Vanquished Creatures
  Saint Roka (Orc:2)
  A formless jellyfish (Shoals:3)
  3 stone giants (Shoals:1)
  2 merfolk javelineers (Shoals:4)
  7 merfolk impalers
  A vault guard (D:13)
  An ogre mage (D:14)
  4 hydras
  A boulder beetle (Lair:4)
  2 anacondas
  2 alligator snapping turtles (Shoals:3)
  9 two-headed ogres
  4 centaur warriors
  4 satyrs
  4 merfolk avatars
  A catoblepas (Lair:5)
  3 death yaks
  5 merfolk aquamancers
  3 tengu warriors (D:13)
  3 naga warriors (Snake:1)
  3 orc high priests (Orc:2)
  4 skysharks
  2 glowing orange brains
  A skeletal warrior (D:14)
  10 sea snakes
  2 mana vipers
  2 naga ritualists
  13 harpies
  A deep elf pyromancer (D:14)
  4 orc knights
  2 ugly things
  6 orc sorcerers
  4 cyclopes
  14 manticores
  15 fauns
  6 merfolk sirens
  3 salamanders
  6 kobold blastminers
  15 black mambas
  5 water nymphs
  A guardian serpent (Snake:1)
  A black mamba (shapeshifter) (D:14)
  5 naga magi
  7 elephants (Lair:4)
  A molten gargoyle (Lair:4)
  11 cane toads
  An unseen horror (D:13)
  A kobold demonologist (D:11)
  5 komodo dragons
  An efreet (D:14)
  2 rime drakes
  A polar bear (Lair:2)
  6 trolls
  4 wind drakes
  19 blink frogs
  26 merfolk
  3 hornets
  10 dream sheep (Lair:4)
  12 snapping turtles
  A centaur simulacrum (D:14)
  A spriggan (shapeshifter) (D:14)
  6 slime creatures (D:14)
  12 water elementals
  A vampire (D:13)
  4 wyverns
  2 shadows
  30 yaks
  4 basilisks
  A warg (Orc:1)
  3 vampire mosquitoes (D:13)
  3 steam dragons
  7 nagas
  An acid dragon (D:11)
  14 water moccasins
  Duvessa (D:6)
  24 orc warriors
  A sky beast (D:6)
  3 black bears
  A tengu (shapeshifter) (D:13)
  4 ogres
  2 laughing skulls (D:13)
  15 wolves
  A phantom (D:5)
  7 centaurs
  3 kobold brigands
  21 bullfrogs
  2 gnoll sergeants
  4 scorpions
  13 wights
  Dowan (D:7)
  10 killer bees
  4 howler monkeys
  7 lava snakes
  6 jellies
  4 hounds
  A sleepcap (D:4)
  20 orc priests
  2 iguanas
  18 orc wizards
  4 hell rats (Lair:3)
  13 gnolls
  8 adders
  3 white imps
  2 ufetubi (D:6)
  3 dart slugs
  2 ribbon worms (D:2)
  57 orcs
  7 endoplasms
  3 giant cockroaches (D:2)
  11 goblins
  6 hobgoblins
  25 kobolds
  5 quokkas
  7 ball pythons
  3 bats
  3 frilled lizards
  3 rats
726 creatures vanquished.

Vanquished Creatures (collateral kills)
  A merfolk (Shoals:3)
  A wind drake (Shoals:3)
2 creatures vanquished.

Vanquished Creatures (others)
  An orc wizard (Orc:2)
  An orc (Orc:2)
2 creatures vanquished.

Grand Total: 730 creatures vanquished

Notes
Turn   | Place    | Note
-------+----------+-------------------------------------------
     0 | D:1      | seren the Coglin Gladiator began the quest for the Orb.
     0 | D:1      | Reached XP level 1. HP: 16/16 MP: 1/1
   745 | D:1      | Reached XP level 2. HP: 21/22 MP: 2/2
  1114 | D:2      | Reached XP level 3. HP: 25/28 MP: 3/3
  1288 | D:2      | Reached skill level 1 in Armour
  1350 | D:2      | Reached XP level 4. HP: 33/34 MP: 4/4
  1569 | D:3      | Found a white marble altar of Elyvilon.
  1934 | D:3      | Noticed a water moccasin
  1938 | D:3      | Gained mutation: Your flesh is cold resistant. (rC+)
                  | [potion of mutation]
  1938 | D:3      | Gained mutation: Your spells are a little harder to cast,
                  | but a little more powerful. [potion of mutation]
  1938 | D:3      | Gained mutation: You are somewhat resistant to further
                  | mutation. [potion of mutation]
  1945 | D:3      | Killed a water moccasin
  1946 | D:3      | Reached skill level 4 in Long Blades
  1946 | D:3      | Reached XP level 5. HP: 33/41 MP: 5/5
  2358 | D:4      | Reached XP level 6. HP: 47/47 MP: 6/6
  2824 | D:4      | HP: 2/47 [orc priest/divine providence (10)]
  3125 | D:5      | Entered Level 5 of the Dungeon
  3238 | D:5      | Found Hoorph's Assorted Antiques.
  3250 | D:5      | Bought a long sword for 122 gold pieces
  3385 | D:5      | Reached skill level 5 in Long Blades
  3385 | D:5      | Reached XP level 7. HP: 52/52 MP: 7/7
  3386 | D:5      | Found Azull's Antique Weapon Shop.
  4177 | D:6      | Reached XP level 8. HP: 43/60 MP: 8/8
  4252 | D:6      | Reached skill level 6 in Long Blades
  4412 | D:6      | Found Lymoth's Distillery.
  4654 | D:7      | Noticed Duvessa
  4655 | D:7      | Noticed Dowan
  4729 | D:7      | Reached skill level 1 in Evocations
  5033 | D:7      | Killed Dowan
  5049 | D:6      | Killed Duvessa
  5561 | D:7      | Found a staircase to the Ecumenical Temple.
  5570 | Temple   | Entered the Ecumenical Temple
  5603 | Temple   | Became a worshipper of Gozag Ym Sagoz the Greedy
  5920 | D:8      | Reached XP level 9. HP: 67/67 MP: 9/9
  5932 | D:8      | Reached skill level 7 in Long Blades
  6059 | D:8      | Reached skill level 5 in Fighting
  6583 | D:8      | Reached skill level 5 in Dodging
  6750 | D:8      | Reached skill level 5 in Evocations
  6838 | D:9      | Found a staircase to the Lair.
  6884 | D:9      | Noticed a hornet
  7008 | D:6      | Bought a potion of lignification for 39 gold pieces
  7008 | D:6      | Bought a potion of heal wounds for 65 gold pieces
  7008 | D:6      | Bought a potion of lignification for 39 gold pieces
  7008 | D:6      | Bought a potion of curing for 39 gold pieces
  7180 | D:8      | Reached skill level 5 in Throwing
  7240 | D:9      | Reached skill level 8 in Long Blades
  7258 | D:9      | Reached XP level 10. HP: 76/76 MP: 10/10
  8121 | D:9      | Reached skill level 5 in Armour
  8334 | D:8      | Reached skill level 9 in Long Blades
  8537 | D:10     | Entered Level 10 of the Dungeon
  8537 | D:10     | Noticed a two-headed ogre
  8547 | D:10     | Killed a two-headed ogre
  8839 | D:10     | Noticed a two-headed ogre
  8850 | D:10     | Killed a two-headed ogre
  8851 | D:10     | Reached XP level 11. HP: 83/83 MP: 11/11
 10020 | D:10     | Found Baat's Magic Scroll Boutique.
 10024 | D:10     | Bought a scroll of identify for 20 gold pieces
 10024 | D:10     | Bought a scroll of identify for 20 gold pieces
 10024 | D:10     | Bought a scroll of torment for 95 gold pieces
 10024 | D:10     | Bought a scroll of fear for 40 gold pieces
 10024 | D:10     | Bought a scroll of teleportation for 30 gold pieces
 10024 | D:10     | Bought a scroll of fog for 40 gold pieces
 10329 | D:11     | Noticed a two-headed ogre
 10335 | D:10     | Reached skill level 10 in Long Blades
 10376 | D:11     | Noticed a four-headed hydra
 10432 | Lair:1   | Entered Level 1 of the Lair of Beasts
 11403 | Lair:1   | You fall into a shaft and drop 1 floor!
 11761 | Lair:2   | Found a staircase to the Shoals.
 12187 | Lair:2   | Reached skill level 11 in Long Blades
 12187 | Lair:2   | Reached XP level 12. HP: 80/92 MP: 12/12
 12847 | Lair:3   | Found a staircase to the Snake Pit.
 13337 | Lair:3   | Noticed a five-headed hydra
 13614 | Lair:3   | Killed a 19-headed hydra
 14771 | Lair:4   | Found a staircase to the Slime Pits.
 14878 | Lair:4   | Found a viscous altar of Jiyva.
 14949 | Lair:4   | Reached skill level 12 in Long Blades
 15469 | Lair:4   | Reached XP level 13. HP: 90/100 MP: 13/13
 16514 | Lair:5   | Entered Level 5 of the Lair of Beasts
 17200 | Lair:5   | Reached skill level 13 in Long Blades
 18373 | Lair:5   | Noticed a minotaur
 18374 | Lair:5   | Noticed kae's ghost (journeyman DrSh)
 18398 | Lair:5   | Found a runed translucent gate.
 18398 | Lair:5   | Found a runed translucent gate.
 18398 | Lair:5   | Found a runed translucent gate.
 18398 | Lair:5   | Noticed Snorg
 19056 | D:11     | Found a roughly hewn altar of Beogh.
 19056 | D:11     | Found a staircase to the Orcish Mines.
 19257 | D:11     | Reached skill level 10 in Fighting
 19958 | Orc:1    | Entered Level 1 of the Orcish Mines
 20043 | Orc:1    | Paralysed by an orc sorcerer for 4 turns
 20306 | D:11     | Reached XP level 14. HP: 110/110 MP: 14/14
 20306 | D:11     | Acquired an experimental actuator {Gadgeteer, rElec rPois
                  | rCorr}
 20471 | Orc:1    | Noticed Erolcha
 20798 | D:11     | Erolcha changed into Erolcha the steam dragon
 20798 | D:11     | Noticed Erolcha
 20800 | D:11     | Killed Erolcha the steam dragon
 20870 | Orc:1    | Reached skill level 14 in Long Blades
 21125 | Orc:1    | Found a shimmering blue altar of Sif Muna.
 21254 | Orc:1    | Found Kaobi's Antique Weapon Boutique.
 21359 | Orc:2    | Entered Level 2 of the Orcish Mines
 21528 | Orc:2    | Found Uneac's CLEARANCE SALE!.
 21528 | Orc:2    | Found a roughly hewn altar of Beogh.
 21560 | Orc:2    | Found a staircase to the Elven Halls.
 21937 | Orc:2    | Noticed Saint Roka
 22236 | D:12     | Found a roughly hewn altar of Beogh.
 22322 | D:12     | Found a runed translucent door.
 22323 | D:12     | Found a shimmering altar of Xom.
 22323 | D:12     | Noticed corvin's ghost (journeyman DgWn)
 22647 | D:12     | Found a transporter.
 22651 | D:12     | Found a transporter.
 22787 | D:12     | Identified a scroll of acquirement
 22788 | D:12     | Acquired a manual of Throwing
 23624 | D:13     | Found an opulent altar of Gozag.
 23643 | D:13     | Found an opulent altar of Gozag.
 23643 | D:13     | Found an opulent altar of Gozag.
 23841 | D:13     | Found a gate to the Vaults.
 24271 | D:13     | Found an opulent altar of Gozag.
 24320 | D:13     | Bought a +4 scale mail of fire resistance for 558 gold
                  | pieces
 24593 | D:14     | Found Axiqo's Antique Weapon Shop.
 24597 | D:14     | Bought a glowing scimitar for 217 gold pieces
 24747 | D:14     | Reached skill level 10 in Evocations
 25207 | D:14     | Found a runed translucent door.
 25208 | D:14     | Found a shimmering altar of Xom.
 25208 | D:14     | Noticed Xeapikeu's ghost (adept TeAE)
 25209 | D:14     | Identified the +6 scimitar "Xitorir" {chaos, rF+ Int+7}
 25486 | D:14     | Reached skill level 10 in Throwing
 25848 | D:15     | Entered Level 15 of the Dungeon
 26407 | Snake:1  | Entered Level 1 of the Snake Pit
 26430 | Snake:1  | Got Wicaomm's Discursus on the Limned Volcano
 26579 | Lair:3   | Reached skill level 10 in Dodging
 27398 | Snake:1  | Reached XP level 15. HP: 65/118 MP: 15/15
 28568 | Snake:2  | Learned a level 1 spell: Apportation
 28850 | Snake:2  | Found Firox's Armour Shop.
 28863 | Snake:2  | Found Noafyan's Weapon Boutique.
 28865 | Snake:2  | Found Fitog's Distillery.
 28868 | Snake:2  | Found Tisaet's Magic Scroll Shop.
 28879 | Snake:2  | Bought a potion of haste for 160 gold pieces
 28879 | Snake:2  | Bought a potion of curing for 48 gold pieces
 28879 | Snake:2  | Bought a potion of curing for 48 gold pieces
 28879 | Snake:2  | Bought a potion of resistance for 160 gold pieces
 28879 | Snake:2  | Bought a potion of curing for 48 gold pieces
 28879 | Snake:2  | Bought 2 potions of curing for 96 gold pieces
 28879 | Snake:2  | Bought a potion of haste for 160 gold pieces
 28883 | Snake:2  | Bought a scroll of teleportation for 36 gold pieces
 28883 | Snake:2  | Bought a scroll of identify for 24 gold pieces
 28883 | Snake:2  | Bought a scroll of fear for 48 gold pieces
 28883 | Snake:2  | Bought a scroll of fear for 48 gold pieces
 28925 | Snake:2  | Bought a scroll of identify for 24 gold pieces
 28942 | Snake:2  | Bought the +7 scimitar of the Tortured God {speed, rElec
                  | rCorr MP+9} for 1453 gold pieces
 29620 | Snake:2  | Noticed Vashnia
 29784 | Shoals:1 | Entered Level 1 of the Shoals
 30311 | Shoals:1 | Noticed Acaowk's ghost (adept VSBr)
 30435 | Shoals:1 | Reached skill level 10 in Armour
 32033 | Shoals:1 | Reached skill level 15 in Long Blades
 32259 | Shoals:1 | Found a transporter.
 32279 | Shoals:1 | Found a transporter.
 32861 | Shoals:1 | Reached XP level 16. HP: 104/127 MP: 10/16
 36534 | Orc:2    | Killed Saint Roka
 37256 | Orc:2    | Paralysed by an orc sorcerer for 3 turns
 37779 | Orc:2    | Paralysed by an orc sorcerer for 5 turns
 38095 | Orc:2    | Found Ucosaicw's Magic Scroll Emporium.
 38229 | Orc:2    | Found Wicot's Magic Scroll Boutique.
 38350 | Orc:2    | Bought a scroll of teleportation for 36 gold pieces
 38350 | Orc:2    | Bought a scroll of teleportation for 36 gold pieces
 38350 | Orc:2    | Bought a scroll of fear for 48 gold pieces
 38350 | Orc:2    | Bought a scroll of teleportation for 36 gold pieces
 38352 | Orc:2    | Found Meink's Weapon Boutique.
 38354 | Orc:2    | Found Ragumu's General Store.
 38360 | Orc:2    | Bought 3 poisoned darts for 30 gold pieces
 38362 | Orc:2    | Bought a condenser vane for 640 gold pieces
 38362 | Orc:2    | Bought a potion of curing for 48 gold pieces
 38469 | Orc:2    | Bought a scroll of teleportation for 42 gold pieces
 38469 | Orc:2    | Bought a scroll of fog for 56 gold pieces
 38469 | Orc:2    | Bought a scroll of blinking for 105 gold pieces
 39052 | Shoals:3 | Found Riran's Gadget Gallery.
 39064 | Shoals:3 | Bought a wand of paralysis (3) for 115 gold pieces
 39064 | Shoals:3 | Bought a wand of roots (5) for 192 gold pieces
 39064 | Shoals:3 | Bought a box of beasts for 640 gold pieces
 39616 | Shoals:3 | Reached skill level 1 in Stealth
 39691 | Shoals:3 | Acquired a manual of Spellcasting
 39978 | Shoals:3 | Found a runed translucent gate.
 39978 | Shoals:3 | Found a runed translucent gate.
 39981 | Shoals:3 | Found a runed translucent gate.
 39981 | Shoals:3 | Noticed Agetab's ghost (adept DECj)
 40028 | Shoals:4 | Entered Level 4 of the Shoals
 40540 | Shoals:4 | Reached skill level 1 in Spellcasting
 40964 | Shoals:3 | Paralysed by a formless jellyfish for 1 turns
 40971 | Shoals:3 | Paralysed by a formless jellyfish for 1 turns
 42302 | Shoals:4 | Reached XP level 17. HP: 111/135 MP: 21/21
 44190 | Shoals:4 | HP: 1/135 [merfolk javelineer/javelin (23)]
 44197 | Shoals:4 | Shot with an arrow by a satyr

Illustrated notes

Levels and vault maps discovered:
D:1:      lightli_arrival_farm, layout_loops_ring, serial_forest,
          infiniplex_forest_pool, infiniplex_forest_straight_2,
          infiniplex_forest_zigzag_1, infiniplex_forest_fountain,
          infiniplex_forest_end_1, infiniplex_forest_clump_double,
          infiniplex_forest_straight_1, infiniplex_forest_lined_1
D:2:      layout_rooms
D:3:      layout_basic, elyvilon_altar_5, minmay_misc_feat_secret_circle,
          supply_closet_lemuel, solitary_fountain
D:4:      cheibrodos_greedy_goblins, layout_gridville, minmay_misc_feat_tower,
          uniq_edmund
D:5:      layout_rooms, serial_shops, nicolae_shop_gibbet_a_chance, shop
D:6:      layout_rooms, serial_shops, nicolae_shop_tiny_real_fake_doors
D:7:      layout_rooms, lemuel_temple_firewalk_a, uniq_duvessa
D:8:      layout_basic
D:9:      layout_loops_corners, minmay_lair_entry_grove
D:10:     layout_layer_cave, serial_shops, nicolae_shop_back_alley_shop
D:11:     layout_cross, david_orc_5, hangedman_decor_diamond_cutter,
          chequers_serial_rivers_micro_a, minivault_11
D:12:     gammafunk_beogh_shrine, layout_irregular_city, ebering_ghost_xom
D:13:     layout_basic, hellmonk_vaults_order_and_chaos, trove_entry_hex_spiral,
          nicolae_gozag_conspicuous_consumption
D:14:     layout_basic, grunt_decor_arrowhead, ebering_ghost_xom, serial_shops,
          nicolae_shop_trees, ebering_dispersal_statue_hall
D:15:     grunt_enter_depths_magical_seal, layout_rooms,
          nicolae_uskayaw_suspiria, serial_demonic, serial_demonic_d,
          serial_demonic_b, serial_demonic_c, serial_demonic_d,
          nicolae_concentric_dashed_squares_mild, serial_bayou_ford_a,
          grunt_decor_resistance, nicolae_wu_jian_immortal_techniques
Temple:   compressed_dpeg_triangle_lava_temple
Lair:1:   layout_chaotic_city, chequers_serial_rivers_micro_a,
          grunt_megastairs_3
Lair:2:   layout_long_grid, shoals_dummy_entry
Lair:3:   layout_roguey, nicolae_snake_entry_warm_welcome
Lair:4:   cheibrodos_magma_flow, layout_loops_ring,
          nicolae_slime_entry_field_trip, serial_rivers,
          chequers_serial_rivers_micro_a, chequers_serial_rivers_micro_e,
          chequers_serial_rivers_micro_e, chequers_serial_rivers_micro_c,
          chequers_serial_rivers_micro_c, chequers_serial_rivers_large_b
Lair:5:   grunt_lair_end_beastmaster, layout_hall_layers,
          maelrawn_ghost_gauntlet_escape, grunt_megastairs_5, uniq_snorg
Shoals:1: layout_shoals, gammafunk_ghost_berserking_beasts,
          hangedman_shoals_cup_caves
Shoals:2: layout_shoals
Shoals:3: layout_shoals, gammafunk_ghost_tricky_traps, nicolae_shop_gadgets
Shoals:4: shoals_end_grunt_garden, layout_shoals
Snake:1:  layout_concentric_octagons
Snake:2:  layout_layer_cave, grunt_ministairs_2, minmay_shoptagon, uniq_vashnia
Orc:1:    layout_caves, serial_shops, nicolae_shop_peninsula,
          kennysheep_orc_sif_temple, uniq_erolcha
Orc:2:    st_orc_elflike, layout_caves, special_room,
          portal_ice_cave_entry_pillars_1, basic_altar, nicolae_shop_clearance,
          uniq_saint_roka

Skill      XL: |  1  2  3  4  5  6  7  8  9 10 11 12 13 14 15 16 17 |
---------------+----------------------------------------------------+-----
Throwing       | 2 3 4 5 6 7 8 10 12 13 | 13.2
Armour         | 1 2 3 4 5 6 7 8 9 10 11 | 11.7
Dodging        | 3 4 5 6 7 8 9 10 11 12 | 12.1
Fighting       | 3 4 5 6 7 8 10 11 12 | 12.5
Long Blades    | 4 5 6 8 9 11 12 13 14 15 | 15.6
Evocations     | 3 6 7 9 10 11 12 | 12.8
Stealth        | 1 2 |  2.2
Spellcasting   | 3 4 |  4.0

Action                     |  1- 3 |  4- 6 |  7- 9 | 10-12 | 13-15 | 16-18 || total
---------------------------+-------+-------+-------+-------+-------+-------++-------
  Melee: Long sword        |    79 |   149 |   143 |   605 |   903 |   403 ||  2282
         Spear             |     7 |       |       |       |       |       ||     7
         Dagger            |    64 |    95 |       |       |       |       ||   159
         Falchion          |       |       |   300 |   588 |   594 |       ||  1482
         Scimitar          |       |       |       |       |   252 |   392 ||   644
  Throw: Boomerang         |       |       |       |    32 |   120 |   122 ||   274
         Dart              |       |       |       |    36 |    11 |    47 ||    94
 Invoke: Call Merchant     |       |       |       |       |     1 |     1 ||     2
Ability: Invent Gizmo      |       |       |       |       |     1 |       ||     1
  Evoke: Wand              |       |       |    16 |    10 |     9 |     8 ||    43
         Box of beasts     |       |       |       |       |       |     2 ||     2
         Condenser vane    |       |       |       |       |       |     1 ||     1
    Use: Potion            |       |     9 |     1 |     2 |    10 |     4 ||    26
         Scroll            |       |       |     7 |    11 |    23 |     5 ||    46
   Stab: Sleeping          |       |     2 |       |     1 |       |       ||     3
         Paralysed         |       |       |     9 |    44 |     4 |     8 ||    65
         Distracted        |       |       |       |     2 |     3 |     1 ||     6
         Invisible         |       |       |       |       |    18 |       ||    18
 Armour: Leather armour    |    56 |    78 |   191 |   326 |   402 |       ||  1053
         Skin              |       |       |       |    27 |       |       ||    27
         Scale mail        |       |       |       |       |   399 |   456 ||   855
  Dodge: Dodged            |    52 |    77 |   212 |   417 |   719 |   373 ||  1850

Table legend: (Time is in decaauts)
 A = Elapsed time spent in this place.
 B = Non-inter-level travel time spent in this place.
 C = Inter-level travel time spent in this place.
 D = Time resting spent in this place.
 E = Time spent auto-exploring this place.
 F = Levels seen in this place.
 G = Mean time per level.
                   A        B        C        D        E       F      G
               +--------+--------+--------+--------+--------+-----+--------+
         Total |  44190 |  41856 |   2334 |  15859 |  13289 |  29 | 1523.8 |
       Dungeon |  16747 |  15560 |   1187 |   3423 |   7759 |  15 | 1116.5 |
        Temple |     46 |     19 |     27 |      0 |      0 |   1 |   46.0 |
          Lair |   8890 |   8472 |    418 |   3299 |   2913 |   5 | 1778.0 |
        Shoals |  11048 |  10663 |    385 |   6017 |   1389 |   4 | 2762.0 |
     Snake Pit |   2851 |   2628 |    223 |   1067 |    551 |   2 | 1425.5 |
  Orcish Mines |   4606 |   4514 |     92 |   2052 |    676 |   2 | 2303.0 |
               +--------+--------+--------+--------+--------+-----+--------+

Top non-repeatable levels by time:
Shoals:3: 4244 daAuts
Shoals:1: 3310 daAuts
Shoals:2: 2905 daAuts
  Lair:4: 2771 daAuts
   Orc:1: 2392 daAuts
  Lair:3: 2335 daAuts
   Orc:2: 2214 daAuts
    D:10: 2077 daAuts
 Snake:1: 1862 daAuts
     D:9: 1723 daAuts
    D:11: 1654 daAuts
    D:13: 1622 daAuts
    D:14: 1620 daAuts
  Lair:1: 1363 daAuts
  Lair:2: 1218 daAuts
